AoeStats
← BenderCharls

Black Forest

509455242Analyzed
3v3 RM · 6d ago on Sep 26, 2026· 51m 47s· 6 players
Game mode
Random Map
Map size
Normal (6 player)
Population
200
Speed
Normal
Resources
Standard
Victory
Conquest
Starting age
Dark Age
Ending age
Imperial Age
RankedLock teamsTeams togetherTeam positionsShared explorationLock speedFull tech treeHidden civsTurbo modeCheats
Victory
Defeat
🇺🇸 Persians · United States
1015
+15
🇺🇸 Hindustanis · United States
1002
+16
🇲🇽 Bohemians · Mexico
879
+40
🇺🇸 Chinese · United States
1002
-18
🇹🇷 Turks · Türkiye
989
-17
🇺🇦 Persians · Ukraine
979
-17
BenderCharls
6:19 Loom
12:43 Feudal Age
20:18 Castle Age
25:08 Pikeman
25:48 Squires
26:36 Fervor
26:36 Horse Collar
30:28 Husbandry
30:24 Double-Bit Axe
30:41 Heavy Plow
31:17 Ballistics
31:10 Caravan
32:08 Forging
32:04 Scale Barding Armor
32:00 Scale Mail Armor
33:51 Iron Casting
34:20 Chemistry
33:31 Arson
35:00 Murder Holes
35:48 Wagenburg Tactics
40:22 Imperial Age
40:10 Chain Mail Armor
40:15 Chain Barding Armor
40:42 Wheelbarrow
40:23 Bow Saw
40:40 Elite Hussite Wagon
42:13 Hand Cart
45:09 Houfnice
TrampyFlounder
5:29 Loom
10:44 Feudal Age
16:47 Castle Age
15:21 Double-Bit Axe
15:19 Horse Collar
19:05 Wheelbarrow
22:33 Heavy Plow
23:01 Bow Saw
23:48 Stone Mining
24:40 Gold Mining
26:43 Town Watch
28:36 Gold Shaft Mining
28:06 Husbandry
32:08 Imperial Age
30:24 Ballistics
30:55 Stone Shaft Mining
30:43 Bloodlines
29:54 Light Cavalry
31:55 Crossbowman
32:55 Fletching
33:05 Padded Archer Armor
33:29 Kamandaran
34:03 Thumb Ring
35:23 Leather Archer Armor
35:04 Bodkin Arrow
35:14 Scale Barding Armor
35:20 Forging
36:54 Chemistry
36:04 Elite War Elephant
39:04 Ring Archer Armor
38:54 Chain Barding Armor
39:10 Iron Casting
48:42 Blast Furnace
48:18 Plate Barding Armor
47:55 Cavalier
UndueMarker5275
11:22 Feudal Age
15:02 Double-Bit Axe
17:26 Castle Age
20:32 Horse Collar
22:31 Wheelbarrow
23:28 Heavy Plow
24:07 Bow Saw
26:48 Hand Cart
27:27 Gold Mining
32:30 Imperial Age
29:47 Loom
29:48 Town Watch
30:45 Gold Shaft Mining
30:26 Bloodlines
30:17 Husbandry
31:35 Ballistics
31:07 Stone Mining
32:22 Scale Barding Armor
32:59 Caravan
33:21 Masonry
34:14 Chemistry
32:39 Heavy Camel Rider
33:54 Chain Barding Armor
33:45 Forging
34:23 Forging
34:27 Clinker Construction
34:29 Imperial Camel Rider
34:47 Light Cavalry
37:24 Plate Barding Armor
37:25 Iron Casting
37:45 Conscription
45:23 Blast Furnace
45:59 Siege Engineers
46:32 Grand Trunk Road
KingYankee1
0:45 Loom
12:00 Feudal Age
13:18 Wheelbarrow
12:32 Double-Bit Axe
12:30 Horse Collar
17:52 Castle Age
15:48 Gold Mining
16:57 Stone Mining
18:48 Hand Cart
18:48 Bow Saw
26:19 Caravan
27:04 Heavy Plow
27:39 Fletching
33:13 Imperial Age
32:10 Padded Archer Armor
32:22 Forging
32:08 Bodkin Arrow
33:48 Leather Archer Armor
33:33 Scale Mail Armor
34:09 Elite Chu Ko Nu
35:04 Bracer
35:39 Iron Casting
34:30 Pikeman
35:11 Squires
36:53 Rocketry
36:02 Heavy Scorpion
36:11 Halberdier
38:36 Chemistry
37:47 Masonry
37:33 Murder Holes
40:52 Architecture
42:11 Chain Mail Armor
42:57 Blast Furnace
43:39 Two-Man Saw
47:32 Heavy Rocket Cart
49:07 Plate Mail Armor
zel
0:31 Loom
12:43 Feudal Age
17:27 Horse Collar
18:52 Double-Bit Axe
21:26 Wheelbarrow
21:21 Gold Mining
21:31 Stone Mining
21:37 Town Watch
24:13 Castle Age
22:26 Scale Barding Armor
22:33 Forging
25:22 Heavy Plow
30:40 Caravan
35:51 Imperial Age
34:11 Bow Saw
34:22 Hand Cart
33:54 Town Watch
35:44 Husbandry
35:56 Bloodlines
36:12 Ballistics
35:49 Murder Holes
37:22 Chemistry
36:28 Town Patrol
36:02 Cavalier
37:44 Crop Rotation
37:50 Conscription
37:03 Pikeman
37:43 Squires
38:37 Chain Barding Armor
38:53 Iron Casting
38:02 Halberdier
43:29 Two-Man Saw
50:19 Citadels
Yüce Ahmet
0:30 Loom
13:01 Feudal Age
14:33 Wheelbarrow
13:41 Horse Collar
13:48 Double-Bit Axe
20:28 Castle Age
20:08 Stone Mining
20:13 Gold Mining
22:20 Bow Saw
27:08 Hand Cart
31:32 Caravan
37:14 Imperial Age
36:08 Gold Shaft Mining
37:45 Forging
38:18 Sipahi
39:34 Two-Man Saw
39:56 Iron Casting
39:27 Scale Barding Armor
39:25 Husbandry
39:35 Bloodlines
39:26 Heavy Camel Rider
41:48 Blast Furnace
40:49 Scale Mail Armor
41:58 Elite Janissary
42:39 Artillery
42:59 Conscription
43:39 Hoardings
43:15 Sappers
44:40 Chain Barding Armor
44:36 Chain Mail Armor
44:22 Padded Archer Armor
44:12 Fletching
Connection lost

Rejoining the realm…

Still unreachable

The connection could not be restored.

Session expired

The server has moved on; the page needs a fresh start.